 Dungeon Crawl Stone Soup version 0.31-a0-963-ga325b2283a (webtiles) character file.

Game seed: 1621371793040339327

2275 Fodor the Basher (level 9, -4/82 HPs)
             Began as a Minotaur Fighter on Oct 24, 2023.
             Slain by a kobold brigand
             ... wielding a +0 war axe
              (5 damage)
             ... in a bailey.
             The game lasted 00:27:23 (4735 turns).

Fodor the Basher (Minotaur Fighter)                 Turns: 4735, Time: 00:27:26

Health: -4/82      AC: 11    Str: 25    XL:     9   Next: 16%
Magic:  8/8        EV:  9    Int:  5    God:
Gold:   296        SH:  0    Dex: 10    Spells: 8/8 levels left

rFire   . . .        M - +4 battleaxe
rCold   . . .        (shield currently unavailable)
rNeg    . . .        g - +0 chain mail
rPois   .            (helmet restricted)
rElec   .            (no cloak)
rCorr   .            (no gloves)
SInv    .            (no boots)
Will    .....        m - amulet of regeneration Stlth
                     (no ring)
HPRegen 1.13/turn    (no ring)
MPRegen 0.11/turn

%: no passive effects
@: slowed, studying Stealth, very slow
A: horns 2, retaliatory headbutt, talons 1, robust 1
a: no special abilities


You were in a bailey.
You visited 2 branches of the dungeon, and saw 8 of its levels.
You also visited: Bailey.

You collected 296 gold pieces.

Inventory:

Hand Weapons
 G - a +0 orcbow
 L - a +2 mace
 M - a +4 battleaxe (weapon)
Missiles
 b - 8 curare-tipped darts
 e - 14 poisoned darts
 i - 4 datura-tipped darts
 t - 3 javelins (quivered)
 x - 26 boomerangs
 z - a throwing net
 B - 6 darts of dispersal
 H - 2 atropa-tipped darts
Armour
 a - a scarf of shadows
 c - a +0 buckler
 g - a +0 chain mail (worn)
Jewellery
 m - an amulet of regeneration (around neck)
 q - a ring of ice
 E - a ring of magical power
 I - a ring of see invisible
 K - a ring of magical power
Talismans
 C - a serpent talisman
Wands
 p - a wand of iceblast (9)
 y - a wand of flame (11)
 A - a wand of mindburst (20)
Scrolls
 j - 3 scrolls of immolation {unknown}
 k - 2 scrolls of teleportation {unknown}
 n - a scroll of revelation {unknown}
 r - a scroll of noise {unknown}
 u - a scroll of torment {unknown}
 v - 2 scrolls of blinking {unknown}
 D - a scroll of brand weapon {unknown}
Potions
 d - 3 potions of might
 f - a potion of cancellation {unknown}
 h - a potion of lignification {unknown}
 l - 2 potions of mutation
 o - 2 potions of invisibility {unknown}
 s - 2 potions of heal wounds {unknown}
 F - a potion of brilliance {unknown}
 J - a potion of haste {unknown}


   Skills:
 + Level 6.2 Fighting
 + Level 2.8 Long Blades
 + Level 2.4(6.3) Axes
 + Level 9.2(9.3) Maces & Flails
 + Level 2.0 Throwing
 + Level 8.2 Armour
 + Level 2.7 Dodging
 + Level 0.3 Stealth
 + Level 5.6 Shields


You had 8 spell levels left.
You didn't know any spells.
Your spell library contained the following spells:

 Spells                   Type           Power      Damage    Failure   Level
 Cigotuvi's Dreadful Rot  Necr/Pois/Air  0%         N/A       98%         2
 Ensorcelled Hibernation  Hex/Ice        0%         N/A       98%         2
 Jinxbite                 Hex            0%         N/A       98%         2
 Ignite Poison            Fire/Tmut/Pois 0%         N/A       100%        3
 Anguish                  Hex/Necr       0%         N/A       100%        4
 Brom's Barrelling Bould  Conj/Erth      0%         2d3       100%        4
 Fireball                 Conj/Fire      0%         3d3       100%        5
 Freezing Cloud           Conj/Ice/Air   0%         6-21      100%        5
 Iskenderun's Battlesphe  Conj           0%         2d6       100%        5
 Conjure Ball Lightning   Conj/Air       0%         3x3d6     100%        6
 Orb of Destruction       Conj           0%         9d5       100%        7


Dungeon Overview and Level Annotations

Branches:
Dungeon (7/15)             Temple (1/1) D:6          Bailey (1/1)

Altars:
Ashenzari
Dithmenos
Elyvilon
Fedhas
Hepliaklqana
Makhleb
Nemelex Xobeh
Okawaru
Qazlal
Ru
Sif Muna
Uskayaw
Vehumet
Wu Jian
Xom
Yredelemnul
Zin
The Shining One


Innate Abilities, Weirdness & Mutations

You have a pair of horns on your head.
You reflexively headbutt those who attack you in melee.
You have sharp toenails.
You are robust. (+10% HP)


Message History

The kobold brigand hits you but does no damage.
There is an open door here.
You slash the kobold brigand!
The kobold brigand is moderately wounded.
You barely miss the orc warrior. You slash the kobold brigand!
You slash the orc warrior!
You feel very sick.
The orc warrior hits you but does no damage.
The kobold brigand hits you with a +0 war axe!
The orc warrior barely misses you. You furiously retaliate!
You headbutt the orc warrior!
You kill the orc warrior!
The kobold brigand hits you with a +0 war axe.
The orc warrior barely misses you. The kobold brigand barely misses you.
The kobold brigand hits you but does no damage.
Your base Axes skill increases to level 2!
You barely miss the kobold brigand.
Your headbutt misses the kobold brigand.
The kobold brigand is moderately wounded.
You barely miss the kobold brigand. You barely miss the orc warrior.
You slash the orc warrior!
You feel sick.
The orc warrior hits you with a +0 war axe!
* * * LOW HITPOINT WARNING * * *
The kobold brigand hits you with a +0 war axe.
* * * LOW HITPOINT WARNING * * *
The orc warrior closely misses you.
The kobold brigand hits you but does no damage.
The orc warrior barely misses you. You furiously retaliate!
You headbutt the orc warrior. The orc warrior barely misses you.
The kobold brigand hits you with a +0 war axe.
* * * LOW HITPOINT WARNING * * *
The kobold brigand misses you.
It was a potion of mutation.
You feel extremely strange.
Your toenails lengthen and sharpen.
You feel robust.
You feel sick.
You are no longer poisoned.
The orc warrior hits you with a +0 war axe!
* * * LOW HITPOINT WARNING * * *
The kobold brigand hits you with a +0 war axe.
You die...

#....~~.......~~....#
#####~~.......~~#####
##~.......~##
####)''#### ##.....##
#∩....[∩# #...8...#
##.K...## ###@###


#Koo# ....... ........... ............... ............... #......(......#
###.//.(.)$.### You could see 2 orc warriors and 2 kobold brigands.

Vanquished Creatures
  Grinder (D:5)
  Sigmund (D:4)
  A water moccasin (D:6)
  2 orc warriors (Bailey)
  A black bear (D:6)
  A sky beast (D:4)
  An ogre (D:5)
  2 centaurs (D:6)
  Blork the orc (D:4)
  3 kobold brigands (Bailey)
  A bullfrog (D:7)
  A gnoll sergeant (D:6)
  2 scorpions
  3 wights (D:7)
  A howler monkey (D:6)
  4 hounds
  3 jellies
  An iguana (D:7)
  An orc wizard (D:7)
  10 adders
  7 gnolls
  2 white imps
  A worm (D:2)
  2 dart slugs
  15 orcs
  9 ball pythons
  7 bats
  2 endoplasms (D:3)
  3 giant cockroaches
  8 hobgoblins
  4 jackals
  3 quokkas
  3 frilled lizards
  4 goblins
  18 kobolds
  5 rats
134 creatures vanquished.

Notes
Turn   | Place    | Note
-------+----------+-------------------------------------------
     0 | D:1      | Fodor the Minotaur Fighter began the quest for the Orb.
     0 | D:1      | Reached XP level 1. HP: 19/19 MP: 0/0
   229 | D:1      | Reached XP level 2. HP: 26/27 MP: 1/1
   772 | D:2      | Reached XP level 3. HP: 33/33 MP: 2/2
   876 | D:2      | Reached skill level 1 in Maces & Flails
  1032 | D:2      | Reached XP level 4. HP: 40/40 MP: 3/3
  1141 | D:2      | Found a shimmering altar of Xom.
  1318 | D:2      | Reached skill level 2 in Maces & Flails
  1833 | D:3      | Found a shadowy altar of Dithmenos.
  2248 | D:3      | Reached XP level 5. HP: 46/46 MP: 4/4
  2431 | D:4      | Noticed Sigmund
  2442 | D:4      | Killed Sigmund
  2443 | D:4      | Reached skill level 4 in Maces & Flails
  2443 | D:4      | Reached skill level 5 in Armour
  2443 | D:4      | Reached XP level 6. HP: 40/53 MP: 5/5
  2466 | D:4      | Noticed a sky beast
  2486 | D:4      | Killed a sky beast
  2575 | D:4      | Noticed Blork the orc
  2604 | D:4      | Reached skill level 5 in Shields
  2635 | D:4      | Killed Blork the orc
  2765 | D:4      | Reached skill level 5 in Maces & Flails
  2765 | D:4      | Reached skill level 1 in Dodging
  2765 | D:4      | Reached XP level 7. HP: 60/60 MP: 6/6
  2824 | D:4      | Found a glowing golden altar of the Shining One.
  3050 | D:4      | Found an ornate altar of the Wu Jian Council.
  3177 | D:4      | Reached skill level 5 in Fighting
  3286 | D:5      | Entered Level 5 of the Dungeon
  3322 | D:5      | Found a shimmering altar of Xom.
  3322 | D:5      | Found a blossoming altar of Fedhas.
  3397 | D:5      | Noticed Grinder
  3405 | D:5      | Paralysed by Grinder for 3 turns
  3412 | D:5      | Paralysed by Grinder for 2 turns
  3414 | D:5      | Killed Grinder
  3415 | D:5      | Reached skill level 6 in Maces & Flails
  3457 | D:5      | Found a sacrificial altar of Ru.
  3526 | D:5      | Found a broken altar of Ashenzari.
  3709 | D:6      | Reached skill level 7 in Maces & Flails
  3709 | D:6      | Reached XP level 8. HP: 61/69 MP: 7/7
  3762 | D:6      | Reached skill level 8 in Maces & Flails
  3864 | D:6      | Found a burning altar of Makhleb.
  3869 | D:6      | Found a glowing silver altar of Zin.
  3869 | D:6      | Noticed a green death
  3869 | D:6      | Noticed an angel
  3979 | D:6      | Reached skill level 1 in Throwing
  4168 | D:6      | Found a staircase to the Ecumenical Temple.
  4174 | Temple   | Entered the Ecumenical Temple
  4241 | D:6      | Found a hazy altar of Hepliaklqana.
  4400 | D:7      | Reached skill level 9 in Maces & Flails
  4508 | D:7      | Found a flagged portal.
  4531 | Bailey   | Entered a bailey
  4580 | Bailey   | Reached XP level 9. HP: 23/75 MP: 8/8
  4710 | Bailey   | Reached skill level 1 in Axes
  4724 | Bailey   | Identified the +1 robe of the Unbroken {Contam +Blink Will+
                  | rCorr Str+3}
  4735 | Bailey   | Gained mutation: You have sharp toenails. [potion of
                  | mutation]
  4735 | Bailey   | Gained mutation: You are robust. (+10% HP) [potion of
                  | mutation]
  4735 | Bailey   | HP: 1/82 [orc warrior/+0 war axe (13)]
  4735 | Bailey   | Slain by a kobold brigand

Illustrated notes

Levels and vault maps discovered:
D:1:      lemuel_arrival_behind_the_door_large, layout_loops_ring
D:2:      layout_basic, basic_altar, minmay_statues_item, minmay_pentomino_pile
D:3:      layout_loops_corners, mainiacjoe_overflow_cross_hatched
D:4:      layout_loops_ring, nicolae_tso_carved_into_rock,
          mainiacjoe_overflow_surrounded_room, minmay_manual_monolith,
          uniq_sigmund, uniq_blork_the_orc
D:5:      layout_rooms, general_overflow_altar, cheibrodos_ashenzari_chains,
          grunt_temple_overflow_open, uniq_grinder
D:6:      layout_basic, grunt_temple_overflow_order_and_chaos_2,
          lemuel_crystal_altar, minmay_temple_entry_enclosed_plants
D:7:      layout_cave_pools, mainiacjoe_overflow_alcove_2, enter_bailey_5
Temple:   nicolae_temple_ecumenical_triangle
Bailey:   bailey_axe_3, bailey

Skill      XL: |  1  2  3  4  5  6  7  8  9 |
---------------+----------------------------+-----
Armour         | 4 5 6 7 8 |  8.2
Shields        | 4 5 |  5.6
Fighting       | 4 5 6 |  6.2
Maces & Flails | 1 2 4 5 7 9 |  9.2
Dodging        | 1 2 |  2.7
Throwing       | 1 2 |  2.0
Axes           | 2 |  2.4
Long Blades    | |  2.8
Stealth        | |  0.3

Action                     |  1- 3 |  4- 6 |  7- 9 || total
---------------------------+-------+-------+-------++-------
  Melee: Long sword        |    13 |       |       ||    13
         Headbutt          |     7 |    11 |    34 ||    52
         Flail             |    54 |   107 |   152 ||   313
         Battleaxe         |       |       |    26 ||    26
  Throw: Boomerang         |       |     3 |     7 ||    10
         Javelin           |       |       |     5 ||     5
  Evoke: Wand              |       |       |     1 ||     1
    Use: Potion            |       |       |     7 ||     7
 Armour: Scale mail        |    14 |       |       ||    14
         Chain mail        |    43 |    84 |   236 ||   363
  Dodge: Dodged            |    31 |    38 |   126 ||   195
  Block: Buckler           |    24 |    23 |    41 ||    88

Table legend: (Time is in decaauts)
 A = Elapsed time spent in this place.
 B = Non-inter-level travel time spent in this place.
 C = Inter-level travel time spent in this place.
 D = Time resting spent in this place.
 E = Time spent auto-exploring this place.
 F = Levels seen in this place.
 G = Mean time per level.
                   A        B        C        D        E       F      G
               +--------+--------+--------+--------+--------+-----+--------+
         Total |   4817 |   4649 |    168 |     82 |      4 |   9 |  535.2 |
       Dungeon |   4555 |   4387 |    168 |     39 |      4 |   7 |  650.7 |
        Temple |     38 |     38 |      0 |      0 |      0 |   1 |   38.0 |
        Bailey |    223 |    223 |      0 |     43 |      0 |   1 |  223.0 |
               +--------+--------+--------+--------+--------+-----+--------+

Top non-repeatable levels by time:
     D:4: 919 daAuts
     D:2: 880 daAuts
     D:3: 815 daAuts
     D:1: 727 daAuts
     D:6: 668 daAuts
     D:5: 387 daAuts
  Bailey: 223 daAuts
     D:7: 157 daAuts
  Temple: 38 daAuts
